[Event "GER-chT Youth Countries 2020"]
[Site "Berlin"]
[Date "2020.10.02"]
[Round "5"]
[White "Richter, Johanna"]
[Black "Fischer, Juliane"]
[Result "0-1"]
[ECO "D61"]
[WhiteElo "1107"]
[BlackElo "1509"]
[Annotator "NA"]
[PlyCount "101"]
[EventDate "2020.09.30"]
[EventType "team-tourn"]
[EventRounds "7"]
[EventCountry "GER"]
[SourceTitle "playchess.com"]
[Source "ChessBase"]
[SourceQuality "1"]
[TimeControl "30/5400+30:0"]

1. d4 d5 2. c4 e6 3. Nc3 Nf6 4. Bg5 Be7 5. Nf3 O-O 6. e3 Nbd7 7. Qc2 dxc4 8. Bxc4 a6 9. a4 c5 10. O-O Nb6 11. Bb3 cxd4 12. Nxd4 Bd7 13. Rfd1 Qc7 14. Rac1 Rac8 15. Qd2 Bc6 16. f3 Rfd8 17. Qc2 Nbd5 18. Qe2 Qa5 19. Nxc6 Nxc3 20. Nxe7+ Kf8 21. Rxd8+ Rxd8 22. Rxc3 Qxg5 23. Rc7 Rd7 24. Rxd7 Nxd7 25. Nc8 Qc5 26. Kf2 Qxc8 27. Qc4 Qxc4 28. Bxc4 Ne5 29. b3 Ke7 30. f4 Nxc4 31. bxc4 Kd6 32. Ke2 Kc5 33. Kd3 Kb4 34. Kd4 Kxa4 35. Kc5 b5 36. g4 Kb3 37. cxb5 axb5 38. Kxb5 Kc3 39. Kc5 Kd3 40. Kd6 Kxe3 41. f5 exf5 42. gxf5 Kf4 43. Ke7 Kxf5 44. Kxf7 g5 45. h3 h5 46. Ke7 g4 47. h4 g3 48. Kf7 g2 49. Kg7 g1=Q+ 50. Kh8 Kf6 51. Kh7 0-1

[Event "GER-chT Youth Countries 2020"]
[Site "Berlin"]
[Date "2020.10.02"]
[Round "5"]
[White "Heuberger, Sandra"]
[Black "Khanbekyan, Nare"]
[Result "1-0"]
[ECO "E21"]
[WhiteElo "1004"]
[BlackElo "1334"]
[Annotator "NA"]
[PlyCount "91"]
[EventDate "2020.09.30"]
[EventType "team-tourn"]
[EventRounds "7"]
[EventCountry "GER"]
[SourceTitle "playchess.com"]
[Source "ChessBase"]
[SourceQuality "1"]
[TimeControl "30/5400+30:0"]

1. d4 Nf6 2. c4 e6 3. Nc3 Bb4 4. Nf3 b6 5. Bg5 Bb7 6. e3 d5 7. Bd3 Nbd7 8. O-O Bxc3 9. bxc3 c5 10. Re1 h6 11. Bh4 g5 12. Bg3 Rc8 13. Rc1 cxd4 14. cxd4 dxc4 15. Bxc4 Ne4 16. Qe2 h5 17. h3 f5 18. Bxe6 Rxc1 19. Rxc1 Nxg3 20. fxg3 g4 21. Bxd7+ Qxd7 22. Ne5 Qd5 23. Rf1 gxh3 24. Nf3 h4 25. Nxh4 f4 26. exf4+ Kd8 27. Nf3 Qg8 28. Qf2 Qg4 29. Ne5 hxg2 30. Qxg2 Bxg2 31. Nxg4 Bxf1 32. Kxf1 Rh2 33. Nxh2 a5 34. Ke2 Kd7 35. Kd3 Kc6 36. f5 Kd6 37. g4 Ke7 38. g5 Kf7 39. f6 b5 40. Nf3 b4 41. Kc4 Kf8 42. g6 Ke8 43. Ne5 Kf8 44. f7 Kg7 45. Nd7 Kxg6 46. f8=Q 1-0

[Event "GER-chT Youth Countries 2020"]
[Site "Berlin"]
[Date "2020.10.02"]
[Round "5"]
[White "Marrufo, Emilia"]
[Black "Chassard, Cecilia"]
[Result "0-1"]
[ECO "A40"]
[WhiteElo "796"]
[BlackElo "980"]
[Annotator "NA"]
[PlyCount "36"]
[EventDate "2020.09.30"]
[EventType "team-tourn"]
[EventRounds "7"]
[EventCountry "GER"]
[SourceTitle "playchess.com"]
[Source "ChessBase"]
[SourceQuality "1"]
[TimeControl "30/5400+30:0"]

1. d4 e6 2. e3 d5 3. Bd3 Nf6 4. f4 c5 5. c3 Nc6 6. Nf3 cxd4 7. exd4 Bd6 8. O-O O-O 9. Nbd2 Bxf4 10. Ne5 Bxe5 11. dxe5 Nxe5 12. Bc2 Nfg4 13. Nf3 Bd7 14. Bf4 Qf6 15. Re1 Qxf4 16. Bb1 Bb5 17. Qc2 Nxf3+ 18. Kh1 Qxh2# 0-1

[Event "GER-chT Youth Countries 2020"]
[Site "Berlin"]
[Date "2020.10.03"]
[Round "6"]
[White "Vogel, Roven"]
[Black "Jeschke, Jan"]
[Result "1/2-1/2"]
[ECO "D75"]
[WhiteElo "2456"]
[BlackElo "2043"]
[Annotator "ChessBase"]
[PlyCount "62"]
[EventDate "2020.09.30"]
[EventType "team-tourn"]
[EventRounds "7"]
[EventCountry "GER"]
[SourceTitle "playchess.com"]
[Source "ChessBase"]
[SourceQuality "1"]
[TimeControl "30/5400+30:0"]

1. Nf3 Nf6 2. c4 g6 3. Nc3 Bg7 4. d4 O-O 5. g3 d5 6. cxd5 Nxd5 7. Bg2 c5 8. O-O Nc6 9. Nxd5 Qxd5 10. Be3 Qh5 11. dxc5 Bxb2 12. Rb1 Bg7 13. Qa4 Rb8 14. Nd4 Nxd4 15. Bxd4 Bxd4 16. Qxd4 Bh3 17. Bf3 Qg5 18. Rfd1 Rfc8 19. Rxb7 Rxb7 20. Bxb7 Rxc5 21. f4 Qf5 22. Bf3 Qc8 23. Kf2 Be6 24. Rd3 Ra5 25. Rc3 Qd7 26. Qxd7 Bxd7 27. a3 Kg7 28. g4 h6 29. h4 e5 30. fxe5 Be6 31. Re3 g5 1/2-1/2

[Event "GER-chT Youth Countries 2020"]
[Site "Berlin"]
[Date "2020.10.03"]
[Round "6"]
[White "Muckle, Julius"]
[Black "Pubantz, Jan"]
[Result "1-0"]
[ECO "D45"]
[WhiteElo "2427"]
[BlackElo "2295"]
[Annotator "ChessBase"]
[PlyCount "59"]
[EventDate "2020.09.30"]
[EventType "team-tourn"]
[EventRounds "7"]
[EventCountry "GER"]
[SourceTitle "playchess.com"]
[Source "ChessBase"]
[SourceQuality "1"]
[TimeControl "30/5400+30:0"]

1. d4 d5 2. c4 c6 3. Nf3 Nf6 4. Nc3 e6 5. e3 Nbd7 6. Qc2 Bd6 7. b3 O-O 8. Bb2 e5 9. Be2 e4 10. Nd2 Nb8 11. h3 Na6 12. O-O-O b5 13. c5 Be7 14. g4 Ne8 15. f3 f5 16. Rdf1 Bg5 17. Nd1 f4 18. fxe4 fxe3 19. Rxf8+ Kxf8 20. Nf3 Nb4 21. Qb1 dxe4 22. Qxe4 Be7 23. Qxh7 Qd5 24. a3 Na2+ 25. Kb1 Be6 26. Kxa2 Qxb3+ 27. Kb1 Nf6 28. Qc2 Qa2+ 29. Kc1 Bb3 30. Nc3 1-0

[Event "GER-chT Youth Countries 2020"]
[Site "Berlin"]
[Date "2020.10.03"]
[Round "6"]
[White "Reuker, Jari"]
[Black "Arndt, Magnus"]
[Result "1-0"]
[ECO "A14"]
[WhiteElo "2401"]
[BlackElo "2298"]
[Annotator "ChessBase"]
[PlyCount "55"]
[EventDate "2020.09.30"]
[EventType "team-tourn"]
[EventRounds "7"]
[EventCountry "GER"]
[SourceTitle "playchess.com"]
[Source "ChessBase"]
[SourceQuality "1"]
[TimeControl "30/5400+30:0"]

1. Nf3 Nf6 2. c4 e6 3. g3 d5 4. Bg2 Be7 5. O-O O-O 6. b3 Nbd7 7. Bb2 b6 8. cxd5 exd5 9. Nd4 Bb7 10. Qc2 c5 11. Nf5 Re8 12. Nc3 Nf8 13. d4 Ne6 14. Rad1 cxd4 15. Nxd4 Nxd4 16. Rxd4 Bc5 17. Rh4 Rc8 18. Qf5 g6 19. Qd3 Qe7 20. Nxd5 Bxd5 21. Bxd5 Nxd5 22. Qxd5 Qxe2 23. Rxh7 Kxh7 24. Qxf7+ Kh6 25. Bg7+ Kh5 26. Qd5+ Kg4 27. Kg2 Qe4+ 28. f3+ 1-0

[Event "GER-chT Youth Countries 2020"]
[Site "Berlin"]
[Date "2020.10.03"]
[Round "6"]
[White "Krastev, Alexander"]
[Black "Nothnagel, Marian Can"]
[Result "1/2-1/2"]
[ECO "C41"]
[WhiteElo "2340"]
[BlackElo "2355"]
[Annotator "ChessBase"]
[PlyCount "84"]
[EventDate "2020.09.30"]
[EventType "team-tourn"]
[EventRounds "7"]
[EventCountry "GER"]
[SourceTitle "playchess.com"]
[Source "ChessBase"]
[SourceQuality "1"]
[TimeControl "30/5400+30:0"]

1. e4 e5 2. Nf3 d6 3. d4 exd4 4. Nxd4 Nf6 5. Nc3 Be7 6. g3 O-O 7. Bg2 Nc6 8. Nxc6 bxc6 9. O-O Bg4 10. Qd3 Qd7 11. b3 Bh3 12. Bb2 Bxg2 13. Kxg2 Rfe8 14. Rfe1 Bf8 15. Rad1 Qc8 16. f3 a5 17. Ne2 Nd7 18. Qc3 Qa6 19. Nd4 c5 20. Nf5 f6 21. h4 a4 22. h5 Rac8 23. Qd2 Qc6 24. Qd3 Ne5 25. Bxe5 Rxe5 26. Qc4+ Kh8 27. g4 Qe8 28. f4 Re6 29. Kf3 c6 30. Rh1 axb3 31. axb3 d5 32. exd5 cxd5 33. Rxd5 Qc6 34. Kg3 Rce8 35. Qd3 Kg8 36. Qc4 Kh8 37. Rhd1 Re4 38. Qf1 c4 39. bxc4 Rxc4 40. R5d3 Qc8 41. c3 Rxc3 42. Rxc3 Qxc3+ 1/2-1/2

[Event "GER-chT Youth Countries 2020"]
[Site "Berlin"]
[Date "2020.10.03"]
[Round "6"]
[White "Pallas, Sebastian"]
[Black "Schneider, Jana"]
[Result "1/2-1/2"]
[ECO "C76"]
[WhiteElo "2315"]
[BlackElo "2270"]
[Annotator "ChessBase"]
[PlyCount "77"]
[EventDate "2020.09.30"]
[EventType "team-tourn"]
[EventRounds "7"]
[EventCountry "GER"]
[SourceTitle "playchess.com"]
[Source "ChessBase"]
[SourceQuality "1"]
[TimeControl "30/5400+30:0"]

1. e4 e5 2. Nf3 Nc6 3. Bb5 a6 4. Ba4 d6 5. c3 Bd7 6. d4 g6 7. O-O Bg7 8. Re1 Nf6 9. Bxc6 Bxc6 10. dxe5 Nxe4 11. exd6 O-O 12. dxc7 Qxc7 13. Be3 Rad8 14. Nbd2 Nxd2 15. Nxd2 b5 16. Qe2 Rfe8 17. Rad1 Qb7 18. Nf3 Rxd1 19. Qxd1 b4 20. cxb4 Bxb2 21. Bc5 Rxe1+ 22. Nxe1 Qd7 23. Qxd7 Bxd7 24. Nd3 Bg7 25. Kf1 f5 26. Ke2 Kf7 27. Ke3 Bh6+ 28. Kd4 Bg7+ 29. Ne5+ Ke6 30. f4 g5 31. g3 h5 32. Bb6 h4 33. Bc7 hxg3 34. hxg3 gxf4 35. gxf4 Bb5 36. a3 Bf6 37. Kc5 Bxe5 38. fxe5 f4 39. Kd4 1/2-1/2

[Event "GER-chT Youth Countries 2020"]
[Site "Berlin"]
[Date "2020.10.03"]
[Round "6"]
[White "Richter, Nils"]
[Black "Fromm, Marius"]
[Result "1/2-1/2"]
[ECO "D42"]
[WhiteElo "2307"]
[BlackElo "2190"]
[Annotator "ChessBase"]
[PlyCount "56"]
[EventDate "2020.09.30"]
[EventType "team-tourn"]
[EventRounds "7"]
[EventCountry "GER"]
[SourceTitle "playchess.com"]
[Source "ChessBase"]
[SourceQuality "1"]
[TimeControl "30/5400+30:0"]

1. c4 c5 2. Nf3 Nc6 3. e3 Nf6 4. Nc3 e6 5. d4 d5 6. cxd5 Nxd5 7. Bd3 Be7 8. O-O O-O 9. Qe2 cxd4 10. exd4 Bd7 11. Rd1 Re8 12. Nxd5 exd5 13. Ne5 g6 14. Qf3 Be6 15. Nxc6 bxc6 16. Bf4 Qb6 17. Rab1 a5 18. Be5 Rec8 19. h3 c5 20. dxc5 Qxc5 21. Qf4 Qb4 22. Qf3 Rc6 23. a3 Qb3 24. Be2 Qb7 25. Bc3 Qc7 26. Qe3 Bc5 27. Bd4 Bxd4 28. Qxd4 Rb8 1/2-1/2

[Event "GER-chT Youth Countries 2020"]
[Site "Berlin"]
[Date "2020.10.03"]
[Round "6"]
[White "Schmider, Niklas"]
[Black "Kuznecovs, Nikita"]
[Result "1/2-1/2"]
[ECO "C11"]
[WhiteElo "2291"]
[BlackElo "2276"]
[Annotator "ChessBase"]
[PlyCount "65"]
[EventDate "2020.09.30"]
[EventType "team-tourn"]
[EventRounds "7"]
[EventCountry "GER"]
[SourceTitle "playchess.com"]
[Source "ChessBase"]
[SourceQuality "1"]
[TimeControl "30/5400+30:0"]

1. e4 e6 2. d4 d5 3. Nc3 Nf6 4. e5 Nfd7 5. f4 c5 6. Nf3 Nc6 7. Be3 Be7 8. Qd2 b6 9. Bb5 Bb7 10. O-O-O a6 11. Bxc6 Bxc6 12. f5 O-O 13. h4 Rc8 14. fxe6 fxe6 15. Ng5 Bxg5 16. hxg5 g6 17. Ne2 Ba4 18. b3 Bb5 19. Nf4 Qe7 20. Rh6 Rf7 21. Rdh1 Nf8 22. Nh3 c4 23. Kb1 cxb3 24. cxb3 Qa3 25. Nf2 Rfc7 26. Ng4 Rc2 27. Nf6+ Kg7 28. Rxh7+ Nxh7 29. Rxh7+ Kf8 30. Rh8+ Kg7 31. Rh7+ Kf8 32. Rh8+ Kg7 33. Rh7+ 1/2-1/2

[Event "GER-chT Youth Countries 2020"]
[Site "Berlin"]
[Date "2020.10.03"]
[Round "6"]
[White "Goldbeck, Lars"]
[Black "Roseneck, Jonas"]
[Result "0-1"]
[ECO "D38"]
[WhiteElo "2273"]
[BlackElo "2417"]
[Annotator "ChessBase"]
[PlyCount "67"]
[EventDate "2020.09.30"]
[EventType "team-tourn"]
[EventRounds "7"]
[EventCountry "GER"]
[SourceTitle "playchess.com"]
[Source "ChessBase"]
[SourceQuality "1"]
[TimeControl "30/5400+30:0"]

1. d4 Nf6 2. c4 e6 3. Nf3 d5 4. Nc3 Bb4 5. cxd5 exd5 6. Bf4 Bf5 7. Qb3 Nc6 8. a3 Bxc3+ 9. bxc3 O-O 10. e3 Na5 11. Qb4 b6 12. Be2 c5 13. Qb2 cxd4 14. Nxd4 Bg6 15. O-O Nc4 16. Qa2 Rc8 17. Rfd1 Ne4 18. Rac1 Qe7 19. a4 Na5 20. Qb2 Rfd8 21. Ba6 Rc5 22. Nb3 Nxb3 23. Qxb3 Qf6 24. Rd4 h6 25. Bg3 Kh7 26. f3 Ng5 27. Bh4 Re8 28. c4 dxc4 29. Rcxc4 Rce5 30. Bf2 Ne6 31. Rd6 Qe7 32. Rcc6 Nc5 33. Qc4 Rxe3 34. h3 0-1

[Event "GER-chT Youth Countries 2020"]
[Site "Berlin"]
[Date "2020.10.03"]
[Round "6"]
[White "Kolb, Tobias"]
[Black "Post, Hugo"]
[Result "1/2-1/2"]
[ECO "E32"]
[WhiteElo "2268"]
[BlackElo "2209"]
[Annotator "ChessBase"]
[PlyCount "81"]
[EventDate "2020.09.30"]
[EventType "team-tourn"]
[EventRounds "7"]
[EventCountry "GER"]
[SourceTitle "playchess.com"]
[Source "ChessBase"]
[SourceQuality "1"]
[TimeControl "30/5400+30:0"]

1. d4 Nf6 2. c4 e6 3. Nc3 Bb4 4. Qc2 O-O 5. Nf3 c5 6. dxc5 Bxc5 7. Bg5 h6 8. Bh4 Nc6 9. a3 Nd4 10. Nxd4 Bxd4 11. e3 Be5 12. Be2 b6 13. f4 Bxc3+ 14. Qxc3 Bb7 15. Bf3 Bxf3 16. gxf3 Nd5 17. Bxd8 Nxc3 18. Be7 Rfe8 19. Bd6 Na4 20. b3 Nc5 21. Rb1 Rac8 22. Ke2 Nb7 23. Rhd1 Rc6 24. Be5 d6 25. Bd4 a6 26. a4 e5 27. fxe5 dxe5 28. Ba1 f6 29. Rd5 Kf7 30. Bc3 Rd8 31. Rxd8 Nxd8 32. Rd1 Ne6 33. Bb4 Ke8 34. h4 Nc5 35. Bxc5 bxc5 36. a5 Ke7 37. h5 Ke6 38. e4 Rd6 39. Rxd6+ Kxd6 40. Kd3 Ke6 41. Kc3 1/2-1/2

[Event "GER-chT Youth Countries 2020"]
[Site "Berlin"]
[Date "2020.10.03"]
[Round "6"]
[White "Yi, Danny"]
[Black "Grossmann, Piet"]
[Result "1/2-1/2"]
[ECO "C10"]
[WhiteElo "2266"]
[BlackElo "1849"]
[Annotator "ChessBase"]
[PlyCount "101"]
[EventDate "2020.09.30"]
[EventType "team-tourn"]
[EventRounds "7"]
[EventCountry "GER"]
[SourceTitle "playchess.com"]
[Source "ChessBase"]
[SourceQuality "1"]
[TimeControl "30/5400+30:0"]

1. e4 e6 2. d4 d5 3. Nd2 dxe4 4. Nxe4 Bd7 5. Nf3 Bc6 6. Bd3 Bxe4 7. Bxe4 c6 8. Qe2 Nf6 9. Bg5 Be7 10. Bxf6 Qa5+ 11. c3 Bxf6 12. Qc2 h6 13. Qb3 Qc7 14. O-O-O Nd7 15. Kb1 O-O-O 16. Rhe1 Kb8 17. g3 Nb6 18. Nd2 c5 19. dxc5 Qxc5 20. f4 Qc7 21. Bg2 g6 22. a4 Nc8 23. Nc4 Nb6 24. Nd2 Nc8 25. Nc4 Nb6 26. Na5 Nd5 27. Nxb7 Qxb7 28. Qxb7+ Kxb7 29. c4 Kb8 30. cxd5 exd5 31. Bxd5 Rd7 32. Re3 a6 33. Red3 Ka7 34. Bc4 Rxd3 35. Rxd3 Rb8 36. Rd7+ Rb7 37. Rxb7+ Kxb7 38. Bxf7 g5 39. b4 gxf4 40. gxf4 Be7 41. b5 axb5 42. axb5 Bd6 43. f5 Bxh2 44. Kc2 Kb6 45. Be8 Be5 46. Kd3 h5 47. Ke4 Bf6 48. Kd5 h4 49. Ke6 Bd8 50. f6 Bxf6 51. Kxf6 1/2-1/2

[Event "GER-chT Youth Countries 2020"]
[Site "Berlin"]
[Date "2020.10.03"]
[Round "6"]
[White "Weishaeutel, Moritz"]
[Black "Faerber, David"]
[Result "0-1"]
[ECO "B48"]
[WhiteElo "2222"]
[BlackElo "2321"]
[Annotator "ChessBase"]
[PlyCount "93"]
[EventDate "2020.09.30"]
[EventType "team-tourn"]
[EventRounds "7"]
[EventCountry "GER"]
[SourceTitle "playchess.com"]
[Source "ChessBase"]
[SourceQuality "1"]
[TimeControl "30/5400+30:0"]

1. e4 c5 2. Nf3 Nc6 3. d4 cxd4 4. Nxd4 e6 5. Nc3 Qc7 6. Be3 a6 7. Qf3 Nf6 8. O-O-O Ne5 9. Qg3 b5 10. a3 Bb7 11. f3 Rc8 12. Kb1 h5 13. h4 Nc4 14. Qxc7 Rxc7 15. Bxc4 Rxc4 16. Nb3 Rc8 17. Bd4 d6 18. Ne2 Be7 19. Bxf6 gxf6 20. Nf4 Kd7 21. Rh2 Kc7 22. Nd2 Rcg8 23. Nf1 Bf8 24. Rd3 d5 25. exd5 Bd6 26. g3 Bxf4 27. gxf4 Bxd5 28. Rh1 Bc6 29. Nd2 Rg2 30. Ne4 Bxe4 31. fxe4 Rd8 32. Rhd1 Rxd3 33. Rxd3 Rg4 34. e5 Rxh4 35. Rf3 f5 36. Ka2 Kc6 37. Kb3 Kd5 38. Kb4 Ke4 39. Rb3 Kxf4 40. Ka5 Kxe5 41. Kxa6 Rc4 42. Kxb5 Rxc2 43. a4 h4 44. a5 h3 45. Rxh3 Rxb2+ 46. Kc6 Ra2 47. Kb6 0-1

[Event "GER-chT Youth Countries 2020"]
[Site "Berlin"]
[Date "2020.10.03"]
[Round "6"]
[White "Knuedel, Torben"]
[Black "Hinrichs, Paul"]
[Result "0-1"]
[ECO "C97"]
[WhiteElo "2211"]
[BlackElo "2152"]
[Annotator "ChessBase"]
[PlyCount "112"]
[EventDate "2020.09.30"]
[EventType "team-tourn"]
[EventRounds "7"]
[EventCountry "GER"]
[SourceTitle "playchess.com"]
[Source "ChessBase"]
[SourceQuality "1"]
[TimeControl "30/5400+30:0"]

1. e4 e5 2. Nf3 Nc6 3. Bb5 a6 4. Ba4 Nf6 5. O-O Be7 6. Re1 b5 7. Bb3 d6 8. c3 O-O 9. h3 Na5 10. Bc2 c5 11. d4 Qc7 12. b4 Nc4 13. bxc5 dxc5 14. d5 Ne8 15. a4 Rb8 16. axb5 axb5 17. Nbd2 Nxd2 18. Bxd2 b4 19. cxb4 cxb4 20. Ba4 Bd6 21. Qb3 f5 22. Rac1 Qa7 23. Be3 Qe7 24. exf5 Bxf5 25. Bc5 e4 26. Nd4 Qf6 27. Qe3 Ra8 28. Bxe8 Ra3 29. Nb3 Rxe8 30. Bd4 Qf7 31. Rc6 Bf8 32. Qg5 Rxb3 33. Rf6 Qd7 34. Rxf5 Rd3 35. Bb2 h6 36. Qg6 Rd2 37. Be5 b3 38. Rxe4 b2 39. Re1 Rxd5 40. Kh2 Rdxe5 41. Rfxe5 Rxe5 42. Rxe5 Qd6 43. Qe4 Qb8 44. g3 b1=Q 45. Qd5+ Kh8 46. Rf5 Qa1 47. Qf3 Qaa8 48. h4 Qxf3 49. Rxf3 Be7 50. Rf4 Qe5 51. Kg1 Bc5 52. Kg2 g5 53. hxg5 hxg5 54. Ra4 Qd5+ 55. Kh2 Bxf2 56. g4 Bg1+ 0-1

[Event "GER-chT Youth Countries 2020"]
[Site "Berlin"]
[Date "2020.10.03"]
[Round "6"]
[White "Matthes, Aaron"]
[Black "Hesse, Henrik"]
[Result "1-0"]
[ECO "A45"]
[WhiteElo "2198"]
[BlackElo "2242"]
[Annotator "ChessBase"]
[PlyCount "62"]
[EventDate "2020.09.30"]
[EventType "team-tourn"]
[EventRounds "7"]
[EventCountry "GER"]
[SourceTitle "playchess.com"]
[Source "ChessBase"]
[SourceQuality "1"]
[TimeControl "30/5400+30:0"]

1. d4 Nf6 2. Bg5 d5 3. Bxf6 gxf6 4. e3 c5 5. dxc5 e6 6. Nf3 Bxc5 7. Be2 Nc6 8. O-O O-O 9. c4 dxc4 10. Qc2 b6 11. Qxc4 Bb7 12. Nc3 f5 13. Rfd1 Qf6 14. Rd7 Na5 15. Qf4 Rfd8 16. Rad1 Rxd7 17. Rxd7 Bxf3 18. Bxf3 Rd8 19. Ne4 fxe4 20. Qxf6 Rxd7 21. Bh5 Bf8 22. Qc3 Rd5 23. g4 Rd7 24. h4 Nb7 25. Qc6 Rd1+ 26. Kg2 Nd6 27. Qd7 Rb1 28. b3 a5 29. g5 Rb2 30. Bg4 Rxa2 31. h5 Rc2 1-0

[Event "GER-chT Youth Countries 2020"]
[Site "Berlin"]
[Date "2020.10.03"]
[Round "6"]
[White "Musiolik, David"]
[Black "Stelmaszyk, Nico"]
[Result "1-0"]
[ECO "C63"]
[WhiteElo "2198"]
[BlackElo "2301"]
[Annotator "ChessBase"]
[PlyCount "75"]
[EventDate "2020.09.30"]
[EventType "team-tourn"]
[EventRounds "7"]
[EventCountry "GER"]
[SourceTitle "playchess.com"]
[Source "ChessBase"]
[SourceQuality "1"]
[TimeControl "30/5400+30:0"]

1. e4 e5 2. Nf3 Nc6 3. Bb5 f5 4. d4 fxe4 5. Bxc6 bxc6 6. Nxe5 Nf6 7. O-O Bd6 8. Re1 Qe7 9. Ng4 O-O 10. Nc3 Nxg4 11. Qxg4 Qf7 12. Nxe4 Bxh2+ 13. Kxh2 d5 14. Qg3 dxe4 15. Rxe4 Qxf2 16. Re7 Qxg3+ 17. Kxg3 Rf1 18. b3 Bf5 19. c3 Rd1 20. Bb2 Rd2 21. Ba3 Rd3+ 22. Kh2 Rxc3 23. Rf1 Bg6 24. Rxc7 Rc2 25. Rf4 Re8 26. Bd6 Be4 27. Rg4 g6 28. Be5 Bf5 29. Rg3 Rxa2 30. Rg7+ Kf8 31. Rxh7 c5 32. Rc3 Rc2 33. Re3 cxd4 34. Bg7+ Kf7 35. Bh6+ Kg8 36. Rg7+ Kf8 37. Rb7+ Kg8 38. Rxe8# 1-0

[Event "GER-chT Youth Countries 2020"]
[Site "Berlin"]
[Date "2020.10.03"]
[Round "6"]
[White "Lesny, Florian"]
[Black "Niermann, Tristan"]
[Result "1-0"]
[ECO "C50"]
[WhiteElo "2178"]
[BlackElo "2262"]
[Annotator "ChessBase"]
[PlyCount "51"]
[EventDate "2020.09.30"]
[EventType "team-tourn"]
[EventRounds "7"]
[EventCountry "GER"]
[SourceTitle "playchess.com"]
[Source "ChessBase"]
[SourceQuality "1"]
[TimeControl "30/5400+30:0"]

1. e4 e5 2. Nf3 Nc6 3. Bc4 Bc5 4. O-O Nf6 5. d3 a6 6. c3 Ba7 7. Re1 d6 8. Bb3 O-O 9. h3 Be6 10. Bc2 Qd7 11. Be3 Bxe3 12. Rxe3 d5 13. Ng5 dxe4 14. Nxe6 Qxe6 15. dxe4 Rad8 16. Qe2 Rd6 17. Nd2 Nh5 18. Qxh5 Rxd2 19. Bb3 Qg6 20. Qh4 Qd6 21. Rg3 g6 22. Qh6 Na5 23. Bd5 Rxb2 24. Rd1 Qb6 25. Bxf7+ Kxf7 26. Rf3+ 1-0

[Event "GER-chT Youth Countries 2020"]
[Site "Berlin"]
[Date "2020.10.03"]
[Round "6"]
[White "Nguyen, Huy Dat"]
[Black "Wu, Luka"]
[Result "1-0"]
[ECO "B50"]
[WhiteElo "2166"]
[BlackElo "2019"]
[Annotator "ChessBase"]
[PlyCount "91"]
[EventDate "2020.09.30"]
[EventType "team-tourn"]
[EventRounds "7"]
[EventCountry "GER"]
[SourceTitle "playchess.com"]
[Source "ChessBase"]
[SourceQuality "1"]
[TimeControl "30/5400+30:0"]

1. e4 c5 2. Nf3 d6 3. Bc4 a6 4. a4 Nf6 5. d3 Bg4 6. e5 d5 7. Bb3 Ng8 8. h3 Bh5 9. g4 Bg6 10. Bg5 h6 11. Bh4 Qa5+ 12. Nbd2 e6 13. Qe2 Ne7 14. Bg3 Nec6 15. c3 Nd7 16. O-O Be7 17. Bc2 Qc7 18. Rfc1 Ra7 19. d4 Bxc2 20. Rxc2 c4 21. Nf1 b5 22. N3h2 Qa5 23. f4 bxa4 24. f5 g6 25. Qf3 a3 26. bxa3 Nb6 27. a4 Rb7 28. Be1 Nd7 29. Ne3 Rb3 30. Nxc4 Qc7 31. Nd6+ Bxd6 32. exd6 Qxd6 33. Bg3 Qe7 34. fxe6 fxe6 35. Qd3 Rg8 36. Qxa6 Nxd4 37. Bd6 Rb6 38. Qc8+ Qd8 39. cxd4 Rxd6 40. Rf1 Ke7 41. Qc3 Qb6 42. a5 Qa7 43. Rcf2 Rf8 44. Nf3 Rf4 45. Kg2 g5 46. Qa3 1-0

[Event "GER-chT Youth Countries 2020"]
[Site "Berlin"]
[Date "2020.10.03"]
[Round "6"]
[White "Tiarks, Jann-Christian"]
[Black "Maetzkow, Maximilian Paul"]
[Result "0-1"]
[ECO "B52"]
[WhiteElo "2151"]
[BlackElo "2242"]
[Annotator "ChessBase"]
[PlyCount "59"]
[EventDate "2020.09.30"]
[EventType "team-tourn"]
[EventRounds "7"]
[EventCountry "GER"]
[SourceTitle "playchess.com"]
[Source "ChessBase"]
[SourceQuality "1"]
[TimeControl "30/5400+30:0"]

1. e4 c5 2. Nf3 d6 3. Bb5+ Bd7 4. c4 Nf6 5. Nc3 g6 6. d4 Bxb5 7. cxb5 cxd4 8. Nxd4 Bg7 9. O-O O-O 10. Qe2 Nbd7 11. Rd1 Rc8 12. Be3 Rc7 13. Rac1 Qb8 14. f3 Rfc8 15. Nb3 Ne5 16. Qf2 b6 17. Nd4 Qb7 18. Qe2 e6 19. f4 Ned7 20. Nc6 Nb8 21. Nxb8 Qxb8 22. Bd4 Rc4 23. b3 Rxd4 24. Rxd4 Nd5 25. Rc4 Nxc3 26. Qd3 Rxc4 27. Qxc4 d5 28. exd5 exd5 29. Qd3 Qxf4 30. Rc2 0-1

[Event "GER-chT Youth Countries 2020"]
[Site "Berlin"]
[Date "2020.10.03"]
[Round "6"]
[White "Popvasilev, Kaloyan"]
[Black "Colbow, Collin"]
[Result "1/2-1/2"]
[ECO "B62"]
[WhiteElo "2145"]
[BlackElo "2210"]
[Annotator "ChessBase"]
[PlyCount "73"]
[EventDate "2020.09.30"]
[EventType "team-tourn"]
[EventRounds "7"]
[EventCountry "GER"]
[SourceTitle "playchess.com"]
[Source "ChessBase"]
[SourceQuality "1"]
[TimeControl "30/5400+30:0"]

1. e4 c5 2. Nf3 d6 3. d4 cxd4 4. Nxd4 Nf6 5. Nc3 Nc6 6. Bg5 e6 7. Qd3 a6 8. Nxc6 bxc6 9. O-O-O Qa5 10. Bf4 e5 11. Bg3 Be7 12. Be2 O-O 13. f4 exf4 14. Bxf4 Rd8 15. Qg3 Be6 16. Bxd6 Bxd6 17. Rxd6 Rxd6 18. Qxd6 Qg5+ 19. Kb1 Qxg2 20. Rd1 g6 21. Qg3 Qxg3 22. hxg3 a5 23. Rd6 Rc8 24. Kc1 Kf8 25. Rd1 Ke7 26. Kd2 Rd8+ 27. Ke3 Rxd1 28. Bxd1 Nd7 29. a3 c5 30. Be2 Ne5 31. Nb5 g5 32. Nc7 Kd6 33. Ne8+ Ke7 34. Nc7 Kd6 35. Ne8+ Ke7 36. Nc7 Kd6 37. Ne8+ 1/2-1/2

[Event "GER-chT Youth Countries 2020"]
[Site "Berlin"]
[Date "2020.10.03"]
[Round "6"]
[White "Sreyas Payyappat"]
[Black "Halabi, Ibrahim"]
[Result "1/2-1/2"]
[ECO "B90"]
[WhiteElo "2144"]
[BlackElo "1895"]
[Annotator "ChessBase"]
[PlyCount "63"]
[EventDate "2020.09.30"]
[EventType "team-tourn"]
[EventRounds "7"]
[EventCountry "GER"]
[SourceTitle "playchess.com"]
[Source "ChessBase"]
[SourceQuality "1"]
[TimeControl "30/5400+30:0"]

1. e4 c5 2. Nf3 d6 3. d4 cxd4 4. Nxd4 Nf6 5. Nc3 a6 6. h3 e5 7. Nf3 Be6 8. Ng5 Be7 9. Nxe6 fxe6 10. Bc4 Qd7 11. Bg5 O-O 12. f4 b5 13. Bb3 Nc6 14. f5 Nd4 15. Bxf6 Bxf6 16. Qg4 Nxb3 17. fxe6 Qa7 18. axb3 Qe3+ 19. Kd1 Bg5 20. Qe2 Qc5 21. b4 Qb6 22. Qd3 Rf2 23. Nd5 Qa7 24. Ke1 Rd2 25. Qf3 Rf8 26. Qxf8+ Kxf8 27. Rf1+ Ke8 28. Rxa6 Rd1+ 29. Ke2 Rd2+ 30. Ke1 Rd1+ 31. Ke2 Rd2+ 32. Ke1 1/2-1/2